 Dungeon Crawl Stone Soup version 0.31-a0-4-gefa6de2278 (webtiles) character file.

Game seed: 15204370370196271888

4 GloriousHammer the Grave Robber (level 1, -1/13 HPs)
             Began as a Demonspawn Necromancer on May 3, 2023.
             Slain by a jackal (3 damage)
             ... on level 1 of the Dungeon.
             The game lasted 00:00:58 (73 turns).

GloriousHammer the Grave Robber (DsNe)                Turns: 73, Time: 00:00:58

Health: -1/13      AC:  2    Str:  8    XL:     1   Next: 50%
Magic:  0/3        EV: 12    Int: 16    God:
Gold:   15         SH:  0    Dex: 13    Spells: 3/4 levels left

rFire   . . .        (no weapon)
rCold   . . .        (no shield)
rNeg    . . .        a - +0 robe
rPois   .            (no helmet)
rElec   .            (no cloak)
rCorr   .            (no gloves)
SInv    .            (no boots)
Will    .....        (no amulet)
Stlth   ++           (no ring)
HPRegen 0.22/turn    (no ring)
MPRegen 0.08/turn

%: no passive effects
@: no status effects
A: no striking features
a: no special abilities


You were on level 1 of the Dungeon.
You visited 1 branch of the dungeon, and saw 1 of its levels.

You collected 15 gold pieces.

Inventory:

Armour
 a - a +0 robe (worn)
Potions
 b - a potion of magic


   Skills:
 - Level 1.7 Dodging
 - Level 1.7 Stealth
 + Level 2.1 Spellcasting
 + Level 4.5 Necromancy


You had 3 spell levels left.
You knew the following spells:

 Your Spells              Type           Power      Damage    Failure   Level
a - Necrotise             Necr           64%        1d7       3%          1

Your spell library contained the following spells:

 Spells                   Type           Power      Damage    Failure   Level
 Vampiric Draining        Necr           16%        2d7       10%         3
 Animate Dead             Necr           16%        N/A       32%         4
 Agony                    Necr           16%        N/A       65%         5


Dungeon Overview and Level Annotations

Branches:
Dungeon (1/15)

Altars:


Message History

The jackal bites your jackal skeleton.
Your jackal skeleton closely misses the jackal.
Your jackal skeleton completely misses the jackal.
The kobold closely misses your jackal skeleton.
The jackal bites your jackal skeleton.
Your jackal skeleton misses the jackal.
The jackal bites your jackal skeleton.
Your jackal skeleton bites the jackal but does no damage.
The kobold hits your jackal skeleton with a +0 short sword.
Your jackal skeleton is destroyed!
Your jackal skeleton closely misses the jackal.
The jackal bites your jackal skeleton.
Your jackal skeleton is destroyed!
Casting: Necrotise (safe; 3% risk of failure)
Confirm with . or Enter, or press ? or * to list all spells.
You don't have enough magic to cast this spell.
The jackal closely misses you. The jackal barely misses you.
The jackal attacks as you move away!
The jackal bites you but does no damage.
The jackal closely misses you. The jackal attacks as you move away!
The jackal bites you. The jackal misses you.
There is a staircase leading out of the dungeon here.
The jackal bites you but does no damage.
Casting: Necrotise (safe; 3% risk of failure)
Confirm with . or Enter, or press ? or * to list all spells.
Aiming: Necrotise (safe; 3% risk of failure)
Press: ? - help, Shift-Dir - straight line, f - jackal
Aim: a jackal (chance to affect: 86%)
The jackal barely resists.
The jackal bites you but does no damage. x2
You closely miss the jackal. The jackal bites you.
The jackal closely misses you. The jackal misses you.
The jackal closely misses you.
You hit the jackal but do no damage. The jackal barely misses you.
The jackal misses you. The jackal closely misses you.
You hit the jackal.
The jackal is moderately wounded.
The jackal closely misses you.
You closely miss the jackal.
The jackal is moderately wounded.
The jackal barely misses you. The jackal bites you.
Casting: Necrotise (safe; 3% risk of failure)
Confirm with . or Enter, or press ? or * to list all spells.
Aiming: Necrotise (safe; 3% risk of failure)
Press: ? - help, Shift-Dir - straight line, f/p - jackal
Aim: a jackal (chance to affect: 86%)
The jackal writhes in agony.
The jackal bites you but does no damage.
You miss the jackal. Your punch misses the jackal.
The jackal is heavily wounded.
The jackal barely misses you.
You hit the jackal.
The jackal is severely wounded.
The jackal closely misses you. The jackal barely misses you.
You hit the jackal but do no damage.
The jackal is severely wounded.
The jackal bites you.
You hit the jackal.
The jackal is almost dead.
The jackal barely misses you. x2
You hit the jackal.
You kill the jackal!
You barely miss the jackal.
The jackal bites you but does no damage.
You hit the jackal but do no damage. The jackal barely misses you.
The jackal closely misses you.
You closely miss the jackal. The jackal closely misses you.
You closely miss the jackal. The jackal bites you.
The jackal barely misses you.
You barely miss the jackal. The jackal bites you.
You hit the jackal but do no damage. The jackal closely misses you.
You barely miss the jackal. The jackal closely misses you.
The jackal bites you but does no damage.
You hit the jackal but do no damage. The jackal completely misses you.
You closely miss the jackal. The jackal bites you. The jackal misses you.
You hit the jackal but do no damage. The jackal barely misses you.
You hit the jackal but do no damage. The jackal completely misses you.
You barely miss the jackal. The jackal barely misses you. The jackal bites you.
You hit the jackal but do no damage. The jackal bites you.
* * * LOW HITPOINT WARNING * * *
Casting: Necrotise (safe; 3% risk of failure)
Confirm with . or Enter, or press ? or * to list all spells.
Aiming: Necrotise (safe; 3% risk of failure)
Press: ? - help, Shift-Dir - straight line, f - jackal
Aim: a jackal (chance to affect: 86%)
The jackal writhes in agony.
The jackal barely misses you. The jackal misses you.
You closely miss the jackal.
The jackal is moderately wounded.
The jackal misses you.
Unknown command.
You hit the jackal.
The jackal is heavily wounded.
The jackal misses you.
You closely miss the jackal.
The jackal is heavily wounded.
The jackal bites you.
You die...

#..##########
#..#........#
#..#.....##.# ##
#..#.....#.>#..#
##..#..##K#.##..#
...#..#<.#.....# ##
#.##.#.##.....# ###.
#..K.#Kh@.....#
..##...##.##.##########
...........#...
###..#####.##### ... .#
. .# .# .# .#


You could see a jackal and a kobold.

Vanquished Creatures
  3 jackals (D:1)
3 creatures vanquished.

Notes
Turn   | Place    | Note
-------+----------+-------------------------------------------
     0 | D:1      | GloriousHammer the Demonspawn Necromancer began the quest
                  | for the Orb.
     0 | D:1      | Reached XP level 1. HP: 13/13 MP: 3/3
    73 | D:1      | Slain by a jackal

Illustrated notes

Levels and vault maps discovered:
D:1:      ebering_trefoil_twist, layout_basic, serial_corexii_hall,
          corexii_hall_statues_x, corexii_hall_statues_l,
          dreamdust_ecumenical_altar_angels_and_demons

Action                     || total
---------------------------++-------
  Melee: Unarmed           ||    27
   Cast: Necrotise         ||     6
 Armour: Robe              ||     7
  Dodge: Dodged            ||    38

Table legend: (Time is in decaauts)
 A = Elapsed time spent in this place.
 B = Non-inter-level travel time spent in this place.
 C = Inter-level travel time spent in this place.
 D = Time resting spent in this place.
 E = Time spent auto-exploring this place.
 F = Levels seen in this place.
 G = Mean time per level.
                   A        B        C        D        E       F      G
               +--------+--------+--------+--------+--------+-----+--------+
         Total |     73 |     73 |      0 |      0 |     14 |   1 |   73.0 |
       Dungeon |     73 |     73 |      0 |      0 |     14 |   1 |   73.0 |
               +--------+--------+--------+--------+--------+-----+--------+

Top non-repeatable levels by time:
     D:1: 73 daAuts
